Map: Beckett Industries LE

Players

Humblesaiya

  • Race: Protoss Protoss
  • League: Grandmaster
  • Spawn Location: 7:00

Pumba - Winner!

  • Race: Zerg Zerg
  • League: Master
  • Spawn Location: 1:00

VOD

Have the link to the VOD?

Description

Time

  • Played on: Sept. 21, 2021, 8:03 p.m.
  • Length: 7:45
Show
View Real Time Build Order
Export as new Build Order

Humblesaiya Protoss 

Build Orders:  

Get SALT Encoding   

  12  0:00  Probe  
  13  0:12  Probe  
  14  0:19  Pylon  
  14  0:25  Probe  
  15  0:37  Probe (Chrono Boost)  
  15  0:41  Gateway  
  16  0:48  Probe (Chrono Boost)  
  17  0:51  Assimilator  
  17  0:54  Probe (Chrono Boost)  
  18  1:05  Probe  
  19  1:18  Probe  
  20  1:29  Cybernetics Core  
  20  1:31  Zealot  
  22  1:33  Gateway  
  22  1:37  Probe  
  23  1:42  Pylon  
  23  2:02  Nexus  
  23  2:05  Adept (Chrono Boost)  
  25  2:12  Probe  
  26  2:22  Stalker (Chrono Boost)  
  28  2:25  Assimilator  
  28  2:31  Probe  
  29  2:37  Adept  
  29  2:43  Warp Gate  
  31  2:49  Pylon  
  31  3:06  Adept  
  31  3:07  Probe  
  31  3:11  Robotics Facility  
  34  3:19  Probe  
  34  3:20  Probe  
  35  3:28  Shield Battery  
  35  3:31  Probe (Chrono Boost)  
  35  3:32  Sentry  
  35  3:33  Probe (Chrono Boost)  
  41  3:41  Probe (Chrono Boost)  
  41  3:42  Probe (Chrono Boost)  
  41  3:46  Probe (Chrono Boost)  
  41  3:47  Probe (Chrono Boost)  
  43  3:55  Immortal (Chrono Boost)  
  43  3:57  Probe  
  43  3:59  Probe  
  43  4:01  Sentry  
  51  4:09  Probe  
  52  4:11  Probe  
  52  4:14  Pylon  
  53  4:25  Probe  
  53  4:29  Immortal (Chrono Boost)  
  54  4:31  Gateway  
  54  4:38  Gateway  
  58  4:40  Gateway  
  56  4:59  Probe  
  55  5:01  Gateway  
  55  5:02  Gateway  
  55  5:04  Pylon  
  55  5:06  Observer (Chrono Boost)  
  56  5:10  Gateway  
  56  5:14  Sentry x2  
  56  5:19  Warp Prism (Chrono Boost)  
  62  5:28  Pylon  
  62  5:30  Zealot  
  62  5:35  Zealot x2  
  68  5:41  Pylon  
  68  5:43  Pylon  
  68  5:53  Zealot  
  68  5:54  Zealot x2  
  73  6:16  Zealot x7  
  87  6:20  Pylon x2  
  81  6:33  Zealot x2  
  85  6:45  Zealot x6  
  79  7:04  Zealot  
  79  7:05  Zealot x5  
  71  7:17  Zealot x2  
  57  7:38  Zealot x6  
Show
View Real Time Build Order
Export as new Build Order

Pumba Zerg - Winner!

Build Orders: Pool First 

Get SALT Encoding   

  12  0:01  Drone  
  13  0:12  Overlord  
  13  0:17  Drone  
  14  0:31  Drone x2  
  16  0:41  Spawning Pool  
  15  0:44  Drone  
  15  0:48  Drone  
  17  1:13  Hatchery  
  17  1:15  Drone  
  17  1:17  Extractor  
  16  1:28  Zergling x4  
  16  1:30  Zergling x2  
  19  1:36  Queen  
  21  1:42  Overlord  
  21  1:52  Drone  
  22  2:01  Drone  
  23  2:11  Queen  
  23  2:12  Drone  
  26  2:22  Metabolic Boost  
  26  2:25  Drone  
  27  2:32  Drone  
  28  2:41  Drone x2  
  30  2:48  Hatchery  
  29  2:52  Drone  
  29  2:55  Drone  
  31  3:02  Drone x3  
  31  3:05  Drone  
  35  3:08  Overlord  
  35  3:19  Overlord  
  35  3:26  Overlord  
  35  3:28  Drone  
  35  3:33  Overlord  
  36  3:36  Queen  
  36  3:37  Extractor  
  36  3:38  Extractor  
  36  3:39  Drone x3  
  38  3:43  Zergling x2  
  38  3:44  Zergling x4  
  43  3:49  Drone  
  43  3:52  Roach Warren  
  43  3:55  Drone  
  44  3:56  Drone x2  
  44  3:59  Zergling x2  
  46  4:04  Zergling x6  
  49  4:13  Drone x2, Extractor  
  49  4:15  Drone  
  49  4:16  Spore Crawler  
  50  4:22  Lair  
  50  4:23  Drone x2  
  52  4:31  Drone x4  
  56  4:34  Overlord  
  56  4:40  Overlord  
  56  4:49  Extractor  
  52  4:54  Roach x7  
  52  4:57  Drone  
  66  5:14  Overlord x3  
  66  5:18  Drone x5  
  66  5:20  Drone x3  
  74  5:27  Overlord x2  
  74  5:31  Glial Reconstitution  
  74  5:33  Extractor  
  74  5:35  Roach x3  
  77  5:36  Ravager  
  77  5:41  Ravager  
  77  5:42  Zergling x6  
  81  5:46  Ravager  
  81  5:53  Zergling x16  
  81  5:55  Ravager  
  90  6:03  Zergling x6  
  93  6:18  Ravager x2  
  93  6:20  Zergling x18  
  99  6:26  Roach x3  
  101  6:36  Roach x3  
  101  6:39  Roach  
  100  6:48  Roach x2  
  102  6:55  Roach x4  
  107  7:04  Roach x3  
  102  7:12  Roach x2  
  82  7:24  Roach x3  
Tags
 
Add a new tag
Caveats
  • Supply blocks, unpowered buildings, or Contaminate may cause inaccurate times.
  • Supply counts are checked every 10 seconds.